AoeStats
← 杰哥真棒

MegaRandom

510715496Analyzed
4v4 RM · 1d ago on Oct 2, 2026· 53m 5s· 8 players
Game mode
Random Map
Map size
Large (8 player)
Population
200
Speed
Normal
Resources
Standard
Victory
Conquest
Starting age
Dark Age
Ending age
Imperial Age
RankedLock teamsTeams togetherTeam positionsShared explorationLock speedFull tech treeHidden civsTurbo modeCheats
Victory
Defeat
🇵🇱 Japanese · Poland
967
+13
🇳🇴 Persians · Norway
940
+14
🇦🇷 Koreans · Argentina
925
+14
🇪🇸 Romans · Spain
850
+17
🇨🇳 Chinese · China
941
-17
🇫🇷 Varangians · France
907
-15
🇻🇳 Romans · Vietnam
884
-14
🇸🇦 Inca · Saudi Arabia
829
-12
maxoog93
3:10 Loom
10:27 Feudal Age
12:08 Double-Bit Axe
26:04 Castle Age
24:19 Horse Collar
26:05 Padded Archer Armor
26:18 Forging
26:13 Scale Barding Armor
29:30 Light Cavalry
30:11 Husbandry
30:22 Bloodlines
34:54 Heavy Plow
35:06 Bow Saw
36:31 Stone Mining
36:33 Gold Mining
44:54 Wheelbarrow
49:10 Hand Cart
52:07 Imperial Age
51:01 Iron Casting
50:50 Chain Barding Armor
53:27 Conscription
xTc
10:34 Feudal Age
15:43 Castle Age
13:36 Horse Collar
14:50 Double-Bit Axe
15:45 Gold Mining
18:09 Loom
28:20 Champi Runner
29:59 Champi Warrior
31:01 Heavy Plow
32:42 Stone Mining
33:04 Bow Saw
34:29 Wheelbarrow
34:36 Gold Shaft Mining
34:37 Stone Shaft Mining
34:49 Stone Shaft Mining
37:03 Squires
43:10 Scale Mail Armor
43:22 Forging
49:31 Imperial Age
49:04 Chain Mail Armor
49:25 Iron Casting
phihanoi
0:51 Loom
11:14 Feudal Age
11:46 Double-Bit Axe
15:05 Wheelbarrow
18:42 Horse Collar
22:25 Castle Age
24:17 Hand Cart
25:04 Bow Saw
29:42 Heavy Plow
31:08 Pikeman
36:15 Imperial Age
38:23 Crop Rotation
38:21 Heavy Scorpion
42:43 Chemistry
43:50 Ballistas
44:11 Ballistics
46:19 Padded Archer Armor
47:54 Leather Archer Armor
47:30 Fletching
杰哥真棒
11:17 Feudal Age
15:40 Castle Age
14:59 Loom
15:52 Wheelbarrow
16:20 Double-Bit Axe
18:55 Bow Saw
19:34 Horse Collar
21:41 Stone Mining
21:57 Heavy Plow
24:07 Gold Mining
24:53 Stone Shaft Mining
29:58 Hand Cart
33:10 Imperial Age
33:12 Fletching
33:23 Padded Archer Armor
34:39 Gold Shaft Mining
33:36 Elite Chu Ko Nu
35:09 Bodkin Arrow
35:30 Leather Archer Armor
35:44 Conscription
37:10 Bracer
37:48 Ring Archer Armor
37:29 Forging
37:26 Scale Barding Armor
38:35 Two-Man Saw
38:48 Ballistics
39:28 Chemistry
39:35 Caravan
kris10an
12:35 Feudal Age
18:32 Castle Age
16:59 Double-Bit Axe
16:56 Horse Collar
18:14 Wheelbarrow
29:52 Husbandry
32:22 Hand Cart
32:25 Forging
32:21 Scale Barding Armor
33:33 Bloodlines
36:37 Imperial Age
36:46 Iron Casting
36:33 Chain Barding Armor
36:27 Fletching
36:28 Elite War Elephant
38:06 Gold Mining
38:19 Caravan
39:57 Blast Furnace
39:37 Plate Barding Armor
40:25 Gold Shaft Mining
40:26 Bodkin Arrow
42:34 Bow Saw
44:18 Two-Man Saw
49:15 Citadels
49:26 Conscription
50:35 Chemistry
49:57 Ballistics
49:33 Murder Holes
KIELE_PL
1:04 Loom
10:50 Feudal Age
18:55 Castle Age
17:02 Double-Bit Axe
17:03 Horse Collar
18:33 Stone Mining
18:53 Gold Mining
23:33 Wheelbarrow
23:50 Bow Saw
23:54 Town Watch
26:38 Heavy Plow
31:52 Imperial Age
30:46 Gold Shaft Mining
31:21 Squires
31:07 Arson
31:56 Forging
31:47 Scale Mail Armor
32:30 Hand Cart
33:14 Conscription
34:06 Iron Casting
33:46 Chain Mail Armor
35:58 Blast Furnace
36:57 Plate Mail Armor
38:22 Hoardings
37:42 Elite Samurai
38:52 Kataparuto
44:53 Fletching
47:48 Caravan
49:44 Yasama
Windrunner90
1:58 Loom
2:35 Loom
11:44 Feudal Age
14:35 Double-Bit Axe
21:40 Castle Age
19:58 Horse Collar
20:14 Gold Mining
20:18 Stone Mining
24:47 Bow Saw
25:59 Gold Shaft Mining
25:27 Heavy Plow
26:06 Wheelbarrow
33:28 Imperial Age
31:17 Hand Cart
30:55 Town Watch
32:26 Murder Holes
32:59 Ballistics
32:59 Ballistas
35:09 Chemistry
35:15 Heavy Scorpion
37:41 Caravan
39:12 Crop Rotation
40:46 Man-at-Arms
41:27 Squires
41:30 Pikeman
41:31 Long Swordsman
42:34 Comitatenses
42:34 Conscription
42:43 Legionary
42:44 Halberdier
43:34 Scale Mail Armor
43:45 Forging
45:14 Chain Mail Armor
44:53 Fletching
45:42 Iron Casting
49:56 Blast Furnace
48:47 Fletching
quinan
11:36 Feudal Age
17:32 Castle Age
16:04 Horse Collar
17:16 Double-Bit Axe
18:41 Loom
18:48 Fletching
19:45 Stone Mining
22:19 Masonry
22:49 Town Watch
22:47 Treadmill Crane
25:06 Gold Mining
30:31 Bodkin Arrow
31:30 Wheelbarrow
31:12 Bow Saw
32:56 Scale Barding Armor
34:33 Forging
35:44 Murder Holes
37:17 Fortified Wall
38:35 Chain Barding Armor
45:38 Imperial Age
45:21 Iron Casting
45:24 Gold Shaft Mining
45:24 Stone Shaft Mining
45:03 Heavy Plow
45:07 Scale Mail Armor
45:49 Hand Cart
46:29 Ballistics
47:25 Chemistry
46:13 Arrowslits
46:11 Man-at-Arms
47:10 Arson
47:25 Squires
47:24 Long Swordsman
48:24 Chain Mail Armor
48:34 Bracer
48:47 Crossbowman
49:33 Thumb Ring
50:43 Architecture
49:41 Arbalester
51:02 Conscription
Connection lost

Rejoining the realm…

Still unreachable

The connection could not be restored.

Session expired

The server has moved on; the page needs a fresh start.